[Event "47th GRE-chT 2019"]
[Site "Patra"]
[Date "2019.07.05"]
[Round "6.8"]
[White "Kouskoutis, Georgios-Alexandros"]
[Black "Tsaknakis, Zisis"]
[Result "1-0"]
[ECO "A36"]
[WhiteElo "2256"]
[BlackElo "2263"]
[Annotator "NA"]
[PlyCount "137"]
[EventDate "2019.07.02"]
[EventCountry "GRE"]
[SourceTitle "playchess.com"]
[Source "ChessBase"]
[SourceQuality "1"]
[TimeControl "5400+30"]

1. c4 g6 2. g3 Bg7 3. Bg2 Nf6 4. Nc3 O-O 5. e4 d6 6. Nge2 c5 7. O-O Nc6 8. d3 Ne8 9. Be3 Nd4 10. Rb1 a5 11. a3 a4 12. Bxd4 cxd4 13. Nxa4 Bd7 14. b3 b5 15. cxb5 Bxb5 16. Ra1 Bxa4 17. bxa4 Qd7 18. Qb3 Qxa4 19. Rfb1 e5 20. Bh3 Nc7 21. Qxa4 Rxa4 22. Bd7 Ra6 23. Rb7 Ne6 24. Bb5 Ra5 25. a4 Rfa8 26. Rb6 Nc5 27. Bc6 R8a7 28. Rb8+ Bf8 29. Nc1 Kg7 30. Nb3 R5a6 31. Be8 Ra8 32. Nxc5 Rxb8 33. Nxa6 Rxe8 34. a5 d5 35. Nc7 Re7 36. Nxd5 Ra7 37. a6 f5 38. Nc7 fxe4 39. Nb5 Ra8 40. dxe4 d3 41. Kf1 Kf7 42. a7 Bc5 43. Ke1 Ke7 44. Rc1 Bb4+ 45. Kd1 Ba5 46. Rc5 Bb6 47. Rxe5+ Kf6 48. Rd5 Bxf2 49. Rd7 Be3 50. Rb7 Rc8 51. Nc7 Bxa7 52. Rxa7 Ke5 53. Nb5 Rb8 54. Na3 Kxe4 55. Rxh7 Rb2 56. Rh4+ Kf3 57. Nc4 Ra2 58. Rd4 Kg2 59. Rxd3 Kxh2 60. Nd2 g5 61. Ne4 Ra1+ 62. Ke2 g4 63. Ke3 Rf1 64. Rd2+ Kh3 65. Rf2 Re1+ 66. Kf4 Rxe4+ 67. Kxe4 Kxg3 68. Ke3 Kh3 69. Ke4 1-0

[Event "47th GRE-chT 2019"]
[Site "Patra"]
[Date "2019.07.05"]
[Round "6.8"]
[White "Georgakopoulos, Nikolaos K."]
[Black "Makris, Spyridon-Dionysios"]
[Result "1/2-1/2"]
[ECO "C77"]
[WhiteElo "2032"]
[BlackElo "1884"]
[Annotator "NA"]
[PlyCount "155"]
[EventDate "2019.07.02"]
[EventCountry "GRE"]
[SourceTitle "playchess.com"]
[Source "ChessBase"]
[SourceQuality "1"]
[TimeControl "5400+30"]

1. e4 e5 2. Nf3 Nc6 3. Bb5 a6 4. Ba4 Nf6 5. d3 d6 6. c3 b5 7. Bc2 Nb8 8. O-O Nbd7 9. d4 Be7 10. Nbd2 c5 11. Re1 O-O 12. Nf1 Re8 13. Ng3 g6 14. h3 Qc7 15. Be3 Bf8 16. d5 Nb6 17. Nh2 Bg7 18. Ng4 Nxg4 19. hxg4 Bd7 20. Nf1 a5 21. Nd2 c4 22. g3 Rab8 23. Kg2 h6 24. Rh1 g5 25. Qe2 f6 26. Rh5 Red8 27. Rah1 Nc8 28. Nf1 Ne7 29. Bd2 Be8 30. R5h2 a4 31. a3 Bf7 32. Ne3 Kf8 33. Qf3 Bg6 34. Rxh6 Kf7 35. R6h2 Rh8 36. Rxh8 Rxh8 37. Rxh8 Bxh8 38. Nf5 Ke8 39. Kg1 Nxf5 40. gxf5 Bf7 41. Qh1 Bg7 42. Bd1 Qe7 43. Bh5 Bxh5 44. Qxh5+ Qf7 45. Qxf7+ Kxf7 46. Kg2 Bf8 47. Be3 Be7 48. Bb6 Bf8 49. Kf3 Be7 50. Kg4 Bf8 51. Bd8 Bg7 52. f3 Bf8 53. Kh5 Bg7 54. Bb6 Bf8 55. Be3 Be7 56. f4 gxf4 57. gxf4 exf4 58. Bxf4 Bf8 59. Kg4 Be7 60. Kf3 Kg8 61. Ke3 Kf8 62. Kd4 Kf7 63. Ke3 Bf8 64. Kd2 Be7 65. Kc2 Bf8 66. Kb1 Be7 67. Kc2 Kg8 68. Kd2 Kf7 69. Ke2 Kg7 70. Kf3 Kf7 71. Be3 Bd8 72. Kg4 Be7 73. Bb6 Kg7 74. Kh5 Kf7 75. Bc7 Kg7 76. Bb6 Kh7 77. Be3 Kg7 78. Bf4 1/2-1/2

[Event "47th GRE-chT 2019"]
[Site "Patra"]
[Date "2019.07.05"]
[Round "6.9"]
[White "Gavriil, Odysseas-Panagiotis"]
[Black "Chatzieleftheriou, Andreas"]
[Result "1-0"]
[ECO "A06"]
[WhiteElo "2038"]
[BlackElo "2208"]
[Annotator "NA"]
[PlyCount "121"]
[EventDate "2019.07.02"]
[EventCountry "GRE"]
[SourceTitle "playchess.com"]
[Source "ChessBase"]
[SourceQuality "1"]
[TimeControl "5400+30"]

1. Nf3 d5 2. b3 c5 3. e3 Nc6 4. Bb5 Nf6 5. Bb2 Bg4 6. h3 Bxf3 7. Bxc6+ bxc6 8. Qxf3 Qc7 9. O-O e5 10. d3 Bd6 11. c4 O-O 12. Nc3 Qb7 13. e4 d4 14. Na4 Qe7 15. Bc1 Ne8 16. Qg4 Nc7 17. f4 exf4 18. Bxf4 Ne6 19. Bxd6 Qxd6 20. Rf5 Rae8 21. Raf1 Re7 22. h4 Kh8 23. h5 h6 24. Qh4 Rb7 25. Qh2 Qe7 26. Qe5 f6 27. Qg3 Rbb8 28. Qg6 Rfe8 29. e5 Nf8 30. Qg4 Nd7 31. exf6 Nxf6 32. Qg3 Qe3+ 33. Qxe3 Rxe3 34. Nxc5 Rbe8 35. a4 Re2 36. b4 Kh7 37. R5f2 Rxf2 38. Rxf2 Ng4 39. Rf1 Re2 40. Nb3 Ne3 41. Nxd4 Rxg2+ 42. Kh1 Rg4 43. Rf3 Nxc4 44. Nxc6 Nb2 45. a5 a6 46. Kh2 Rg5 47. Nb8 Rxh5+ 48. Rh3 Rb5 49. Nxa6 g5 50. d4 Nc4 51. Rc3 Nxa5 52. Rc5 Rb6 53. Rxa5 Rd6 54. d5 Kg6 55. Rc5 Kf5 56. Nc7 Ke5 57. b5 Rd8 58. Rc6 h5 59. b6 h4 60. Re6+ Kf4 61. Re8 1-0

[Event "47th GRE-chT 2019"]
[Site "Patra"]
[Date "2019.07.05"]
[Round "6.9"]
[White "Fragkos, Vasileios"]
[Black "Patrelakis, Evaggelos"]
[Result "0-1"]
[ECO "B54"]
[WhiteElo "1901"]
[BlackElo "2209"]
[Annotator "NA"]
[PlyCount "134"]
[EventDate "2019.07.02"]
[EventCountry "GRE"]
[SourceTitle "playchess.com"]
[Source "ChessBase"]
[SourceQuality "1"]
[TimeControl "5400+30"]

1. e4 c5 2. Nf3 d6 3. d4 cxd4 4. Nxd4 Nf6 5. f3 e6 6. c4 a6 7. Nc3 Be7 8. Be3 Nbd7 9. Be2 Qc7 10. Qd2 b6 11. O-O Bb7 12. Rac1 Rc8 13. Rfd1 O-O 14. Bf1 Qb8 15. Kh1 Bd8 16. Bg1 Bc7 17. Nc2 Rfd8 18. Ne3 Ne5 19. b3 Kh8 20. Rb1 Rg8 21. Qe2 Qa8 22. Re1 Rcd8 23. Rbd1 Rge8 24. Qc2 g5 25. Qf2 Rg8 26. h3 Ng6 27. Qb2 Ne5 28. Qf2 Rg7 29. Bh2 Ng6 30. b4 Qb8 31. Qb2 Nd7 32. a4 Ba8 33. Rd2 h5 34. Ncd5 exd5 35. Nf5 Nde5 36. Nxg7 Kxg7 37. cxd5 Bb7 38. Rc2 h4 39. Rec1 Rd7 40. Bg1 f6 41. Rc3 Qd8 42. Bd4 Nf4 43. Bxe5 dxe5 44. Rb3 Bd6 45. Kg1 Rf7 46. Qb1 Qe8 47. Qa2 Qd7 48. a5 b5 49. Be2 Kh6 50. Bd1 Qe7 51. Rcb1 Rg7 52. Qc2 f5 53. Kh1 Rf7 54. Kh2 Nh5 55. Be2 Qf6 56. Bd1 Bb8 57. Qd2 Ng3 58. Qe1 fxe4 59. fxe4 Nf1+ 60. Kh1 Qf4 61. g3 Nxg3+ 62. Kg2 Qxe4+ 63. Qxe4 Nxe4 64. Rd3 Rf2+ 65. Kh1 Ng3+ 66. Kg1 Ba7 67. d6 Rg2# 0-1

[Event "47th GRE-chT 2019"]
[Site "Patra"]
[Date "2019.07.05"]
[Round "6.10"]
[White "Papaioannou, Dimitrios"]
[Black "Karamichos, Michail"]
[Result "1/2-1/2"]
[ECO "B13"]
[WhiteElo "1629"]
[BlackElo "1559"]
[Annotator "NA"]
[PlyCount "64"]
[EventDate "2019.07.02"]
[EventCountry "GRE"]
[SourceTitle "playchess.com"]
[Source "ChessBase"]
[SourceQuality "1"]
[TimeControl "5400+30"]

1. e4 c6 2. d4 d5 3. exd5 cxd5 4. Bd3 Nc6 5. c3 Qc7 6. Ne2 Bg4 7. Qc2 Nf6 8. O-O e6 9. Bf4 Bd6 10. Bxd6 Qxd6 11. h3 Bh5 12. Ng3 Bg6 13. Nd2 Rc8 14. Nf3 O-O 15. Bxg6 hxg6 16. Qe2 a6 17. Ne5 Na5 18. Rac1 b5 19. b3 Rc7 20. Rc2 Rfc8 21. Rfc1 Qb6 22. Qd3 Nc6 23. Nxc6 Rxc6 24. Nf1 Ne8 25. Nd2 Nd6 26. Nf3 R6c7 27. Ne5 Nb7 28. Kh2 Nd8 29. g3 Nc6 30. Nxc6 Rxc6 31. Kg1 R6c7 32. Kh2 Rc6 1/2-1/2

[Event "47th GRE-chT 2019"]
[Site "Patra"]
[Date "2019.07.05"]
[Round "6.10"]
[White "Antonioudakis, Georgios"]
[Black "Mourelatos, Spyridon"]
[Result "1-0"]
[ECO "C50"]
[WhiteElo "1385"]
[BlackElo "1626"]
[Annotator "NA"]
[PlyCount "119"]
[EventDate "2019.07.02"]
[EventCountry "GRE"]
[SourceTitle "playchess.com"]
[Source "ChessBase"]
[SourceQuality "1"]
[TimeControl "5400+30"]

1. e4 e5 2. Nf3 Nc6 3. Bc4 Bc5 4. d3 d6 5. h3 Nge7 6. c3 O-O 7. O-O Bb6 8. d4 exd4 9. cxd4 d5 10. exd5 Nxd5 11. Bg5 Qd6 12. Nc3 Be6 13. Ne4 Qd7 14. Ne5 Qe8 15. Nxc6 Qxc6 16. Qb3 Nf4 17. d5 Bxd5 18. Rac1 Qe6 19. Rfe1 Qf5 20. g4 Bxf2+ 21. Kf1 Qg6 22. Kxf2 Nxh3+ 23. Qxh3 Bxe4 24. Bf4 Qb6+ 25. Qe3 Rfe8 26. Qxb6 cxb6 27. Bb5 Bc6 28. Bxc6 Rxe1 29. Kxe1 bxc6 30. Rxc6 h6 31. Rc7 a6 32. Rc6 b5 33. Kf2 Kh7 34. Kf3 a5 35. Rb6 b4 36. Rb5 Ra7 37. Bb8 Rd7 38. Rxa5 b3 39. a4 Rd3+ 40. Ke4 Rd2 41. Be5 Re2+ 42. Kf3 Rc2 43. Bc3 Rc1 44. Rb5 Rf1+ 45. Kg2 Ra1 46. a5 Ra4 47. Kg3 Kg6 48. Rxb3 f5 49. gxf5+ Kxf5 50. Ra3 Rc4 51. a6 Rc8 52. a7 Ra8 53. Ra6 g5 54. b4 h5 55. b5 h4+ 56. Kg2 g4 57. b6 h3+ 58. Kg3 Rd8 59. a8=Q Rd3+ 60. Kh2 1-0

[Event "47th GRE-chT 2019"]
[Site "Patra"]
[Date "2019.07.05"]
[Round "6.11"]
[White "Nevednichy, Vladislav"]
[Black "Balogh, Csaba"]
[Result "1/2-1/2"]
[ECO "C50"]
[WhiteElo "2531"]
[BlackElo "2587"]
[Annotator "ChessBase"]
[PlyCount "125"]
[EventDate "2019.07.02"]
[EventCountry "GRE"]
[SourceTitle "playchess.com"]
[Source "ChessBase"]
[SourceQuality "1"]
[TimeControl "5400+30"]

1. e4 e5 2. Nf3 Nc6 3. Bc4 Bc5 4. d3 Nf6 5. O-O d6 6. c3 a6 7. a4 O-O 8. Re1 h6 9. h3 Ba7 10. Nbd2 Re8 11. Nf1 Be6 12. Bxe6 Rxe6 13. Ng3 d5 14. Qc2 Qd7 15. b4 dxe4 16. dxe4 Rd8 17. Bb2 b5 18. Red1 Rd6 19. Rxd6 Qxd6 20. axb5 axb5 21. Qe2 Qd3 22. Kf1 Qxe2+ 23. Kxe2 Bb6 24. Bc1 Nd7 25. Ne1 f6 26. h4 Kf7 27. h5 Ne7 28. Nd3 Nc8 29. f3 Nd6 30. Nf5 Nxf5 31. exf5 Ke7 32. g4 Kd6 33. Nb2 Kc6 34. Bd2 Kb7 35. Nd3 Re8 36. Ne1 c5 37. Nc2 cxb4 38. Nxb4 e4 39. f4 e3 40. Be1 Bc5 41. Ra5 Bxb4 42. Rxb5+ Kc6 43. Rxb4 Nb6 44. Kf3 Kc5 45. Re4 Rxe4 46. Kxe4 Nd5 47. Kd3 e2 48. Kxe2 Kc4 49. Kf3 Nxc3 50. Bd2 Kd4 51. Bc1 Nb5 52. Be3+ Kd5 53. Bd2 Nd6 54. Bb4 Kc6 55. Ke3 Kd5 56. Kf3 Kc6 57. Ba5 Nb7 58. Bc3 Nd6 59. g5 Nxf5 60. gxf6 gxf6 61. Bxf6 Kd5 62. Bc3 Ke6 63. Be1 {[%emt 0:01:04] Ke5 Ke4+} 1/2-1/2

[Event "47th GRE-chT 2019"]
[Site "Patra"]
[Date "2019.07.05"]
[Round "6.12"]
[White "Pavlidis, Antonios"]
[Black "Nikolaidis, Ioannis"]
[Result "1/2-1/2"]
[ECO "C07"]
[WhiteElo "2549"]
[BlackElo "2534"]
[Annotator "ChessBase"]
[PlyCount "94"]
[EventDate "2019.07.02"]
[EventCountry "GRE"]
[SourceTitle "playchess.com"]
[Source "ChessBase"]
[SourceQuality "1"]
[TimeControl "5400+30"]

1. e4 e6 2. d4 d5 3. Nd2 c5 4. exd5 Qxd5 5. Ngf3 cxd4 6. Bc4 Qd8 7. O-O Nc6 8. Qe2 a6 9. Rd1 Qc7 10. Ne4 Nge7 11. c3 d3 12. Qxd3 Ng6 13. Be3 Na5 14. Bb3 Be7 15. Nd6+ Bxd6 16. Qxd6 Qxd6 17. Rxd6 O-O 18. Nd2 Nxb3 19. axb3 Ne7 20. Bc5 Re8 21. Nc4 Nd5 22. Re1 b5 23. Rxd5 bxc4 24. bxc4 a5 25. Bb6 a4 26. c5 Bb7 27. Rd6 Rec8 28. Ra1 Kf8 29. f3 g5 30. Kf2 Ke7 31. Rd4 Bc6 32. h4 h6 33. hxg5 hxg5 34. Rg4 Rg8 35. Bc7 f6 36. Bd6+ Kf7 37. Rb4 e5 38. Rb6 Rac8 39. b4 axb3 40. Raa6 Bd5 41. Ra7+ Kg6 42. Ra4 Rge8 43. c4 Ba8 44. Rxb3 e4 45. Re3 exf3 46. Re5 Re7 47. Rxe7 Re8 1/2-1/2

[Event "47th GRE-chT 2019"]
[Site "Patra"]
[Date "2019.07.05"]
[Round "6.12"]
[White "Tzermiadianos, Andreas"]
[Black "Papadopoulos, Georgios"]
[Result "0-1"]
[ECO "C55"]
[WhiteElo "2438"]
[BlackElo "2378"]
[Annotator "NA"]
[PlyCount "68"]
[EventDate "2019.07.02"]
[EventCountry "GRE"]
[SourceTitle "playchess.com"]
[Source "ChessBase"]
[SourceQuality "1"]
[TimeControl "5400+30"]

1. e4 e5 2. Bc4 Nf6 3. d3 Nc6 4. Nf3 Be7 5. O-O O-O 6. Re1 d6 7. a4 Kh8 8. h3 Ng8 9. Nc3 f5 10. Nd5 fxe4 11. dxe4 Nf6 12. c3 Qd7 13. a5 a6 14. b4 Bd8 15. Nh2 Qe8 16. Nf1 Nh5 17. Be2 Nf4 18. Bg4 Qf7 19. Be3 Bxg4 20. hxg4 Ne7 21. Nxe7 Bxe7 22. Bxf4 Qxf4 23. f3 Bg5 24. Qd3 Qf6 25. Rad1 Qh6 26. Re2 Bf4 27. Qd5 Rab8 28. c4 Qh4 29. c5 Rf6 30. Qc4 Rh6 31. cxd6 cxd6 32. Rc2 Rf8 33. Qf7 Bh2+ 34. Nxh2 Qxh2+ 0-1

[Event "47th GRE-chT 2019"]
[Site "Patra"]
[Date "2019.07.05"]
[Round "6.13"]
[White "Koutoukidis, Panagiotis"]
[Black "Sandalakis, Angelos"]
[Result "1/2-1/2"]
[ECO "B36"]
[WhiteElo "2344"]
[BlackElo "2429"]
[Annotator "NA"]
[PlyCount "98"]
[EventDate "2019.07.02"]
[EventCountry "GRE"]
[SourceTitle "playchess.com"]
[Source "ChessBase"]
[SourceQuality "1"]
[TimeControl "5400+30"]

1. e4 c5 2. Nf3 Nc6 3. d4 cxd4 4. Nxd4 g6 5. c4 Nf6 6. Nc3 Nxd4 7. Qxd4 d6 8. Be3 Bg7 9. f3 O-O 10. Qd2 a5 11. Rc1 a4 12. Be2 Be6 13. Kf2 Nd7 14. Rhd1 f5 15. exf5 Rxf5 16. Nb5 Nc5 17. Kg1 Bd7 18. f4 b6 19. Bf3 Rc8 20. Nc3 Rb8 21. Nd5 Rf7 22. Bd4 Bh6 23. g3 Ne6 24. Bc3 Nc5 25. Ne3 Qf8 26. Bd5 Be6 27. Bxe6 Nxe6 28. Qd5 Qc8 29. Re1 Bf8 30. Rcd1 Nc5 31. Qf3 Ne6 32. Qd5 Nc5 33. Nc2 Qf5 34. Qxf5 gxf5 35. Nd4 Rc8 36. Bb4 Bg7 37. Kg2 Na6 38. Bc3 Rxc4 39. a3 Nc5 40. Ne2 Re4 41. Bxg7 Kxg7 42. Nc3 Rxe1 43. Rxe1 e6 44. Rd1 d5 45. Rd4 b5 46. Rb4 Rb7 47. Rxb5 Rxb5 48. Nxb5 Nd3 49. Nd4 Nxb2 1/2-1/2

[Event "47th GRE-chT 2019"]
[Site "Patra"]
[Date "2019.07.05"]
[Round "6.13"]
[White "Sigalas, Frangiskos"]
[Black "Papadopoulos, Nikolaos"]
[Result "0-1"]
[ECO "B36"]
[WhiteElo "2228"]
[BlackElo "2272"]
[Annotator "NA RC"]
[PlyCount "180"]
[EventDate "2019.07.02"]
[EventCountry "GRE"]
[SourceTitle "playchess.com"]
[Source "ChessBase"]
[SourceQuality "1"]
[TimeControl "5400+30"]

1. e4 c5 2. Nf3 Nc6 3. d4 cxd4 4. Nxd4 g6 5. c4 Nf6 6. Nc3 d6 7. Be2 Bg7 8. Be3 O-O 9. Qd2 Nxd4 10. Bxd4 Bd7 11. O-O Bc6 12. f3 a5 13. b3 Nd7 14. Be3 Nc5 15. Rac1 Qb6 16. Rc2 Rfc8 17. Rb1 Qd8 18. Bf1 Be5 19. a3 Bg7 20. b4 axb4 21. axb4 Na4 22. Nd5 e6 23. Nf4 Qe7 24. Rd1 Rd8 25. b5 Be8 26. Ra2 Qc7 27. Ra3 Bf8 28. Rda1 Nb6 29. Rxa8 Rxa8 30. Rxa8 Nxa8 31. Qa2 Qc8 32. Nd3 Nc7 33. Qa5 Bd7 34. Bb6 Ne8 35. Qa2 Bg7 36. Nb4 f5 37. exf5 gxf5 38. Qd2 Kf7 39. f4 Bf6 40. Bd3 Bd8 41. Bd4 Bf6 42. Be3 d5 43. Qe2 dxc4 44. Bxc4 Nd6 45. Bd3 Qc3 46. Nc2 Qb2 47. b6 Bc6 48. Qd2 Qc3 49. Qxc3 Bxc3 50. Bc5 Be4 51. Nb4 Bxd3 52. Nxd3 Nc4 53. Kf2 Ba5 54. Kf3 Nxb6 55. g4 Nd7 56. Bd4 Bc7 57. h3 Bd6 58. Bc3 b5 59. Ba5 Nf6 60. Bd2 Nd5 61. Nc1 b4 62. Nb3 Nb6 63. Nd4 Bc5 64. gxf5 Bxd4 65. fxe6+ Kxe6 66. Bxb4 Kf5 67. Bd6 Nd5 68. Bb8 Be3 69. Bd6 Bxf4 70. Bc5 Nc7 71. Bb6 Ne6 72. Bf2 Ng5+ 73. Kg2 Ke4 74. Bh4 Ne6 75. Bf2 Be5 76. Bg1 Ng7 77. Bb6 Nf5 78. Bf2 Bd4 79. Be1 h5 80. Bd2 Be5 81. Kf2 Bd4+ 82. Kg2 Kd3 83. Bg5 Ke2 84. Bf4 Bf2 85. Bg5 Be1 86. Bf4 Nh4+ 87. Kh2 Kf3 88. Bg5 Nf5 89. Bd8 Bg3+ 90. Kh1 Bf4 0-1

[Event "47th GRE-chT 2019"]
[Site "Patra"]
[Date "2019.07.05"]
[Round "6.14"]
[White "Kanakaris, Georgios"]
[Black "Stathopoulos, Ioannis"]
[Result "1/2-1/2"]
[ECO "E69"]
[WhiteElo "2409"]
[BlackElo "2248"]
[Annotator "NA"]
[PlyCount "86"]
[EventDate "2019.07.02"]
[EventCountry "GRE"]
[SourceTitle "playchess.com"]
[Source "ChessBase"]
[SourceQuality "1"]
[TimeControl "5400+30"]

1. d4 Nf6 2. Nf3 g6 3. g3 Bg7 4. Bg2 O-O 5. O-O d6 6. c4 Nbd7 7. Nc3 c6 8. e4 e5 9. h3 Qb6 10. c5 dxc5 11. dxe5 Ne8 12. Na4 Qa6 13. Qc2 b6 14. e6 fxe6 15. Rd1 Qb7 16. Bf4 e5 17. Qb3+ Kh8 18. Be3 Nb8 19. Rd8 Bf6 20. Rd2 Ng7 21. Bh6 Re8 22. Ng5 Ne6 23. Nxe6 Rxe6 24. Rad1 Re8 25. Rd6 Qe7 26. Qa3 Bb7 27. h4 c4 28. Bh3 c5 29. Re6 Qxe6 30. Bxe6 Rxe6 31. Qf3 Nc6 32. Rd7 Nd4 33. Qg4 Bc8 34. Rf7 Re8 35. Qd1 Be7 36. h5 g5 37. Kg2 Be6 38. Rxe7 Rxe7 39. Qc1 Rg8 40. Bxg5 Rf7 41. h6 Nf3 42. Be3 Rd8 43. Nc3 Rd3 1/2-1/2

[Event "47th GRE-chT 2019"]
[Site "Patra"]
[Date "2019.07.05"]
[Round "6.14"]
[White "Azis, Azizis Ektoras"]
[Black "Tzouganakis, Panteleimon"]
[Result "1-0"]
[ECO "E73"]
[WhiteElo "2191"]
[BlackElo "2197"]
[Annotator "NA"]
[PlyCount "157"]
[EventDate "2019.07.02"]
[EventCountry "GRE"]
[SourceTitle "playchess.com"]
[Source "ChessBase"]
[SourceQuality "1"]
[TimeControl "5400+30"]

1. d4 Nf6 2. c4 g6 3. Nc3 Bg7 4. e4 d6 5. Be2 O-O 6. Bg5 Na6 7. h3 Qe8 8. Qc2 e5 9. d5 Bd7 10. Rd1 h6 11. Be3 Kh7 12. g4 Ng8 13. Nf3 Ne7 14. a3 f5 15. exf5 gxf5 16. Nh4 Qf7 17. gxf5 Nxf5 18. Bg4 Qf6 19. Bxf5+ Bxf5 20. Qxf5+ Qxf5 21. Nxf5 Rxf5 22. Ne4 b6 23. b4 Rd8 24. Ke2 Nb8 25. Rhg1 Nd7 26. Rg2 Rdf8 27. Rdg1 R5f7 28. Rg6 Ra8 29. h4 a5 30. b5 Raf8 31. h5 Re7 32. R1g4 Rff7 33. Re6 Nf8 34. Rxe7 Rxe7 35. a4 Rf7 36. Kd3 Nd7 37. Rg6 Nf8 38. Rg1 Nd7 39. Rg2 Rf5 40. Ng3 Rf7 41. Ne4 Rf5 42. Rh2 Rf7 43. Rh3 Rf5 44. Ke2 Kg8 45. Kf1 Kh7 46. Kg2 Kg8 47. Kg3 Nf6 48. Nxf6+ Rxf6 49. Kg4 Rf7 50. Rf3 Re7 51. Kf5 e4 52. Rg3 Kf7 53. Rg6 Re5+ 54. Kg4 Re8 55. Bxh6 Bf6 56. Bf4 Bd4 57. Be3 Bf6 58. Kh3 Be5 59. Rg5 Kf6 60. Kg4 Rh8 61. Rf5+ Kg7 62. Kg5 Rh7 63. Kg4 Rh8 64. Rg5+ Kf6 65. Rg6+ Kf7 66. Rh6 Rg8+ 67. Kf5 Rf8 68. Kxe4 Kg7 69. Re6 Bf6 70. Kf5 Bd4+ 71. Kg4 Bxe3 72. fxe3 Rf1 73. Re7+ Kf6 74. Rxc7 Rg1+ 75. Kf4 Rf1+ 76. Ke4 Kg5 77. Rc6 Rc1 78. Rxd6 Rxc4+ 79. Ke5 1-0

[Event "47th GRE-chT 2019"]
[Site "Patra"]
[Date "2019.07.05"]
[Round "6.15"]
[White "Bulmaga, Irina"]
[Black "Radeva, Viktoria"]
[Result "1-0"]
[ECO "C11"]
[WhiteElo "2435"]
[BlackElo "2247"]
[Annotator "NA"]
[PlyCount "115"]
[EventDate "2019.07.02"]
[EventCountry "GRE"]
[SourceTitle "playchess.com"]
[Source "ChessBase"]
[SourceQuality "1"]
[TimeControl "5400+30"]

1. e4 e6 2. d4 d5 3. Nc3 Nf6 4. Bg5 dxe4 5. Nxe4 Nbd7 6. Nf3 Be7 7. Nxf6+ Nxf6 8. Bc4 O-O 9. Qe2 b6 10. O-O-O Bb7 11. Ne5 Nd5 12. Be3 Nxe3 13. fxe3 Bd6 14. Nf3 Qe7 15. e4 e5 16. d5 a6 17. g4 b5 18. Bd3 c5 19. c4 Bc8 20. Rhg1 Bd7 21. Kb1 Rfb8 22. Nd2 Rb7 23. g5 Rab8 24. Rc1 bxc4 25. Nxc4 Bb5 26. Rc2 Bxc4 27. Bxc4 a5 28. Rg3 Qd8 29. Qh5 g6 30. Qg4 Bf8 31. Rf3 Be7 32. h4 Qd6 33. Rcf2 Bd8 34. a3 Be7 35. h5 Rf8 36. hxg6 fxg6 37. Rxf8+ Bxf8 38. Rxf8+ Qxf8 39. d6+ Kh8 40. Qe6 Rb8 41. d7 h6 42. Qxe5+ Kh7 43. gxh6 Rd8 44. Qe6 Kxh6 45. Ka2 Kg7 46. e5 a4 47. Qd5 Qe7 48. e6 g5 49. Qe5+ Kh6 50. Bd3 Rf8 51. Qh2+ Kg7 52. Qh7+ Kf6 53. Qf5+ Kg7 54. Qg6+ Kh8 55. Qh6+ Kg8 56. Bh7+ Kh8 57. Bg6+ Kg8 58. Qh7+ 1-0

[Event "47th GRE-chT 2019"]
[Site "Patra"]
[Date "2019.07.05"]
[Round "6.15"]
[White "Hristodoulaki, Antonia"]
[Black "Paehtz, Elisabeth"]
[Result "0-1"]
[ECO "A48"]
[WhiteElo "2033"]
[BlackElo "2473"]
[Annotator "ChessBase"]
[PlyCount "48"]
[EventDate "2019.07.02"]
[EventCountry "GRE"]
[SourceTitle "playchess.com"]
[Source "ChessBase"]
[SourceQuality "1"]
[TimeControl "5400+30"]

1. d4 Nf6 2. Nf3 b6 3. Bf4 Bb7 4. e3 g6 5. h3 Bg7 6. Nbd2 d6 7. Be2 Nbd7 8. O-O O-O 9. Bh2 e6 10. c4 Qe7 11. Qc2 c5 12. Rad1 Rac8 13. b3 Rfd8 14. Rfe1 a6 15. Qb1 h6 16. Bd3 Nb8 17. a3 d5 18. cxd5 Nxd5 19. Qb2 b5 20. Ne5 Nd7 21. f4 Nxe5 22. fxe5 cxd4 23. exd4 Nc3 24. Rc1 Qh4 0-1

[Event "47th GRE-chT 2019"]
[Site "Patra"]
[Date "2019.07.05"]
[Round "6.16"]
[White "Mihailidou, Magdalini"]
[Black "Chrysogelou, Athanasia-Panagiota"]
[Result "0-1"]
[ECO "B87"]
[WhiteElo "1810"]
[BlackElo "1770"]
[Annotator "NA"]
[PlyCount "138"]
[EventDate "2019.07.02"]
[EventCountry "GRE"]
[SourceTitle "playchess.com"]
[Source "ChessBase"]
[SourceQuality "1"]
[TimeControl "5400+30"]

1. e4 c5 2. Nf3 d6 3. d4 cxd4 4. Nxd4 Nf6 5. Nc3 a6 6. Bc4 e6 7. Bb3 b5 8. Qf3 Bb7 9. a3 Nbd7 10. Bg5 Qb6 11. Rd1 Be7 12. Qe2 Nc5 13. f3 O-O 14. Be3 Qc7 15. O-O Nxb3 16. cxb3 d5 17. Rc1 Qd6 18. exd5 Nxd5 19. Nxd5 Bxd5 20. Rfd1 Rac8 21. Qd3 Qb8 22. a4 bxa4 23. bxa4 Bd6 24. h3 Rxc1 25. Rxc1 Qxb2 26. Qxa6 Bf4 27. Qd3 Bxe3+ 28. Qxe3 Qb4 29. Ra1 Ra8 30. Nc2 Qb3 31. Qc5 g6 32. Ra3 Qb7 33. a5 Rc8 34. Qf2 Qb1+ 35. Ne1 Rc1 36. Re3 Qb5 37. Qd2 Ra1 38. Rc3 Qxa5 39. Rc8+ Kg7 40. Qd4+ f6 41. Rc7+ Kg8 42. Rc8+ Kf7 43. Rc7+ Ke8 44. Qxf6 Rxe1+ 45. Kf2 Qxc7 46. Qh8+ Kd7 47. Qxh7+ Kd6 48. Qxc7+ Kxc7 49. Kxe1 Kd6 50. Kf2 Ke5 51. Ke3 g5 52. g3 Kf5 53. f4 gxf4+ 54. gxf4 Bg2 55. h4 Kg4 56. h5 Kxh5 57. Kd4 Bh3 58. Ke4 Kg4 59. Ke3 Bg2 60. Kf2 Bd5 61. Ke3 Kf5 62. Ke2 Kxf4 63. Kf2 e5 64. Ke2 Bf3+ 65. Kf2 e4 66. Kf1 Ke3 67. Ke1 Kd3 68. Kf2 Kd2 69. Kf1 e3 0-1

[Event "47th GRE-chT 2019"]
[Site "Patra"]
[Date "2019.07.05"]
[Round "6.16"]
[White "Grafakou, Sotiria-Aphrodite"]
[Black "Georgitsi, Antigoni"]
[Result "0-1"]
[ECO "E40"]
[WhiteElo "1684"]
[BlackElo "1758"]
[Annotator "NA"]
[PlyCount "66"]
[EventDate "2019.07.02"]
[EventCountry "GRE"]
[SourceTitle "playchess.com"]
[Source "ChessBase"]
[SourceQuality "1"]
[TimeControl "5400+30"]

1. d4 Nf6 2. c4 e6 3. Nc3 Bb4 4. e3 d5 5. a3 Bxc3+ 6. bxc3 O-O 7. Nf3 b6 8. Bd3 c5 9. O-O Qc7 10. cxd5 exd5 11. Re1 Bg4 12. Be2 Nc6 13. Nd2 Bxe2 14. Qxe2 Rfe8 15. Bb2 Re6 16. f3 Rd8 17. Qf2 Qe7 18. Re2 Re8 19. Rae1 Qd7 20. e4 dxe4 21. fxe4 Ng4 22. Qg3 Rg6 23. d5 Nce5 24. c4 Qa4 25. Bxe5 Nxe5 26. Qc3 b5 27. cxb5 Qxb5 28. Nf3 Nd3 29. Rd1 Nf4 30. Rb2 Ne2+ 31. Rxe2 Qxe2 32. Rd2 Rxg2+ 33. Kh1 Qf1+ 0-1

[Event "47th GRE-chT 2019"]
[Site "Patra"]
[Date "2019.07.05"]
[Round "6.17"]
[White "Kiousi, Panagiota"]
[Black "Tsivelekidou, Evgenia"]
[Result "0-1"]
[ECO "E11"]
[WhiteElo "1895"]
[BlackElo "1956"]
[Annotator "NA"]
[PlyCount "114"]
[EventDate "2019.07.02"]
[EventCountry "GRE"]
[SourceTitle "playchess.com"]
[Source "ChessBase"]
[SourceQuality "1"]
[TimeControl "5400+30"]

1. d4 Nf6 2. c4 e6 3. Nf3 Bb4+ 4. Bd2 a5 5. g3 d5 6. Bg2 O-O 7. O-O dxc4 8. Qc2 Bxd2 9. Nbxd2 b5 10. a4 c6 11. b3 cxb3 12. Nxb3 Ba6 13. Rfd1 bxa4 14. Nc5 Bb5 15. Ne5 Nd5 16. Nxa4 Nb4 17. Qd2 N8a6 18. Nc3 Ra7 19. d5 exd5 20. Nxb5 cxb5 21. Bxd5 Qxd5 22. Qxd5 Nxd5 23. Rxd5 Nb4 24. Rxb5 Rfa8 25. Nc4 Nc6 26. e3 g6 27. Ra4 Kg7 28. g4 h6 29. Kg2 Ra6 30. h4 R8a7 31. g5 hxg5 32. hxg5 Ra8 33. Ne5 Nxe5 34. Rxe5 R8a7 35. Kf3 Kf8 36. Ke2 Ra8 37. Kd3 Rd6+ 38. Kc4 Rc6+ 39. Kb5 Rc2 40. Rxa5 Rb8+ 41. Ka6 Rxf2 42. Reb5 Rb2 43. Rxb2 Rxb2 44. Rb5 Rxb5 45. Kxb5 Ke7 46. Kc4 Ke6 47. Kd4 Kf5 48. Kd5 Kxg5 49. Ke5 f5 50. e4 fxe4 51. Kxe4 Kg4 52. Ke3 Kg3 53. Ke2 Kg2 54. Ke1 g5 55. Ke2 g4 56. Ke1 g3 57. Ke2 Kh2 0-1